[Event "Titled Tuesday Blitz July 18 Early 2023"]
[White "Martinez Alcantara, Jose Eduardo"]
[Black "Fridman, Daniel"]
[WhiteFideId "3805662"]
[BlackFideId "11600454"]
[WhiteElo "3031"]
[BlackElo "2872"]
[Result "1-0"]
[Round "6"]
[TimeControl "180+2"]
[Date "2023.07.18"]
[WhiteClock "0:00:56"]
[BlackClock "0:00:00"]
[Board "7"]

1. e4 e6 2. d4 d5 3. Nd2 c5 4. Ngf3 Nc6 5. dxc5 Bxc5 6. Bd3 Nf6 7. Qe2 O-O 8. O-O Nb4 9. e5 Nd7 10. Nb3 Be7 11. Nbd4 Nc5 12. a3 Nbxd3 13. cxd3 a5 14. h4 h6 15. Bf4 b6 16. Qe3 Kh7 17. g4 Ba6 18. Rad1 Rc8 19. Kg2 Rh8 20. h5 Qd7 21. Rh1 f6 22. Nh4 fxe5 23. Bxe5 Bxh4 24. Rxh4 Qe7 25. Rh3 Qg5 26. Qxg5 hxg5 27. Re3 a4 28. Bd6 Rhe8 29. Bxc5 bxc5 30. Nxe6 Kh6 31. Re5 c4 32. d4 c3 33. bxc3 Rxc3 34. Rb1 Bc8 35. Nxg5 Rxe5 36. Nf7+ Kh7 37. Nxe5 Rxa3 38. Rb5 Be6 39. Ra5 Ra2 40. Ra6 Bg8 41. g5 a3 42. Ra7 Rd2 43. h6 a2 44. Rxg7+ 1-0


[Site "https://www.chess.com"]

[Event "Titled Tuesday Blitz July 18 Early 2023"]
[White "He, Anthony"]
[Black "Bortnyk, Olexandr"]
[WhiteFideId "2088215"]
[BlackFideId "14120828"]
[WhiteElo "2951"]
[BlackElo "3028"]
[Result "1-0"]
[Round "6"]
[TimeControl "180+2"]
[Date "2023.07.18"]
[WhiteClock "0:00:33"]
[BlackClock "0:00:00"]
[Board "8"]

1. e4 Nf6 2. e5 Nd5 3. d4 d6 4. Nf3 dxe5 5. Nxe5 c6 6. Bc4 Nd7 7. Nf3 N7f6 8. O-O Bg4 9. h3 Bxf3 10. Qxf3 Nb6 11. Qb3 Nxc4 12. Qxc4 Qd5 13. Qd3 e6 14. c4 Qd7 15. Be3 Be7 16. Nc3 O-O 17. Rad1 Rfd8 18. Qe2 Qc7 19. Qf3 Qa5 20. a3 Rd7 21. Rd3 Rad8 22. Rfd1 Qa6 23. b3 Qxa3 24. Ne2 a5 25. Nf4 a4 26. Bc1 Qa2 27. Ne2 axb3 28. Rxb3 Qc2 29. Qd3 Qxd3 30. Rdxd3 e5 31. Be3 Ne4 32. Rb1 f5 33. g3 g6 34. Kg2 Kf7 35. h4 exd4 36. Rxd4 Bc5 37. Rxe4 fxe4 38. Bxc5 Re8 39. Be3 Re5 40. c5 Ree7 41. Rb4 Re5 42. Nc3 Rde7 43. Bg5 Rxc5 44. Bxe7 Rxc3 45. Rxb7 Ke6 46. Bg5 h5 47. Rg7 Kf5 48. Rf7+ Ke6 49. Rf6+ Kd5 50. Rxg6 c5 51. Bf6 Rf3 52. Rg5+ Kc4 53. Be7 1-0


[Site "https://www.chess.com"]

[Event "Titled Tuesday Blitz July 18 Early 2023"]
[White "Morefield, Jason"]
[Black "Bluebaum, Matthias"]
[WhiteFideId "30920825"]
[BlackFideId "24651516"]
[WhiteElo "2757"]
[BlackElo "3019"]
[Result "1/2-1/2"]
[Round "6"]
[TimeControl "180+2"]
[Date "2023.07.18"]
[WhiteClock "0:00:04"]
[BlackClock "0:00:12"]
[Board "9"]

1. e4 e6 2. d4 d5 3. Nc3 Nf6 4. e5 Nfd7 5. f4 c5 6. Nf3 Nc6 7. Be3 a6 8. a3 cxd4 9. Nxd4 Bc5 10. Qd2 g5 11. Nxc6 Bxe3 12. Qxe3 bxc6 13. g3 gxf4 14. gxf4 Qh4+ 15. Qg3 Qxg3+ 16. hxg3 f6 17. exf6 Nxf6 18. Bd3 Ra7 19. Kd2 Rg7 20. Ne2 Ke7 21. b4 h5 22. Rh4 Kd6 23. Re1 a5 24. c3 axb4 25. axb4 Ra7 26. Nd4 Rg8 27. Re3 Ra2+ 28. Nc2 Ba6 29. Bxa6 Rxa6 30. Kc1 Ra7 31. Nd4 Re7 32. Rh1 Ra8 33. Kb2 Ne4 34. Rxh5 Rea7 35. Nc2 Nd2 36. Re2 Ra2+ 37. Kc1 Ne4 38. Re5 Rh8 39. R5xe4 dxe4 40. Kb1 Raa8 41. Rxe4 Rag8 42. Re3 Rh3 43. Nd4 Rgxg3 44. Rxe6+ Kd5 45. Re5+ Kc4 46. Rc5+ Kd3 47. Kb2 Rg1 48. Rxc6 Rh2+ 49. Kb3 Rb1+ 50. Ka4 Ke4 51. Kb5 Rh8 52. f5 Rb8+ 53. Kc5 Rc1 54. c4 Kd3 55. Ne6 Rxc4+ 56. Kd6 Rxc6+ 57. Kxc6 Ke4 58. f6 Ke5 59. Nc5 Rxb4 60. f7 Rf4 61. Nd3+ Ke6 62. Nxf4+ Kxf7 1/2-1/2


[Site "https://www.chess.com"]

[Event "Titled Tuesday Blitz July 18 Early 2023"]
[White "realmadridfc123"]
[Black "Duda, Jan-Krzysztof"]
[BlackFideId "1170546"]
[WhiteElo "2747"]
[BlackElo "3015"]
[Result "0-1"]
[Round "6"]
[TimeControl "180+2"]
[Date "2023.07.18"]
[WhiteClock "0:00:41"]
[BlackClock "0:01:05"]
[Board "10"]

1. c4 e6 2. Nc3 f5 3. d4 Bb4 4. g3 Bxc3+ 5. bxc3 Nf6 6. Bg2 O-O 7. Nf3 Ne4 8. Qb3 b6 9. O-O Nc6 10. Nd2 Bb7 11. Nxe4 Na5 12. Qc2 Bxe4 13. Bxe4 fxe4 14. Qxe4 Nxc4 15. d5 Nd6 16. Qd3 Re8 17. Ba3 Nf7 18. c4 Qf6 19. Rac1 d6 20. Rc2 Qf5 21. e4 Qg6 22. f3 Re7 23. Bb2 Rf8 24. Kg2 Qh5 25. f4 Rfe8 26. Re1 Nd8 27. e5 dxe5 28. Rxe5 Qg6 29. Qe3 Qxc2+ 0-1


[Site "https://www.chess.com"]

[Event "Titled Tuesday Blitz July 18 Early 2023"]
[White "Kramnik, Vladimir"]
[Black "Dehtiarov, Roman"]
[WhiteFideId "4101588"]
[BlackFideId "14186640"]
[WhiteElo "2981"]
[BlackElo "2741"]
[Result "1-0"]
[Round "6"]
[TimeControl "180+2"]
[Date "2023.07.18"]
[WhiteClock "0:00:56"]
[BlackClock "0:00:02"]
[Board "11"]

1. c4 c5 2. g3 Nf6 3. Bg2 Nc6 4. Nc3 b6 5. e3 Bb7 6. d4 cxd4 7. exd4 e6 8. Nge2 d5 9. cxd5 Nb4 10. Qa4+ Qd7 11. Qxd7+ Nxd7 12. O-O Nxd5 13. Nxd5 Bxd5 14. Bxd5 exd5 15. Nc3 Nf6 16. Bg5 Rd8 17. Rfe1+ Be7 18. Bxf6 gxf6 19. Rac1 Kf8 20. Nb5 Rd7 21. Rc7 Rxc7 22. Nxc7 Bd6 23. Re8+ Kg7 24. Rxh8 Kxh8 25. Nxd5 Kg7 26. Kf1 f5 27. Ke2 Kg6 28. f4 h6 29. Kd3 Kh5 30. h3 Kg6 31. Kc4 a6 32. Nxb6 h5 33. h4 Be7 34. Nd5 Bd8 35. b4 f6 36. a4 Kf7 37. b5 axb5+ 38. Kxb5 Ke6 39. Ne3 Kd6 40. a5 Kc7 41. Nxf5 Kb8 42. Ng7 Be7 43. Nxh5 Ba3 44. Nxf6 Bb2 45. g4 Bxd4 46. g5 Kc7 47. a6 Kd6 48. h5 Ke6 49. h6 Kf7 50. h7 Kg7 51. Kc4 Ba7 52. Kd5 Bb8 53. f5 Ba7 54. Ke6 Be3 55. g6 Kh8 56. Kf7 Bh6 57. a7 Bf8 58. g7+ Bxg7 1-0


[Site "https://www.chess.com"]

[Event "Titled Tuesday Blitz July 18 Early 2023"]
[White "Preotu, Razvan"]
[Black "Galperin, Platon"]
[WhiteFideId "2613280"]
[BlackFideId "14165414"]
[WhiteElo "2740"]
[BlackElo "2977"]
[Result "0-1"]
[Round "6"]
[TimeControl "180+2"]
[Date "2023.07.18"]
[WhiteClock "0:00:00"]
[BlackClock "0:00:04"]
[Board "12"]

1. e4 d5 2. exd5 Qxd5 3. Nc3 Qd6 4. d4 Nf6 5. Nf3 a6 6. g3 b5 7. Bf4 Qb6 8. Bg2 Bb7 9. O-O e6 10. a4 Bb4 11. axb5 axb5 12. Rxa8 Bxa8 13. Qd3 Bxc3 14. Qxc3 Nd5 15. Qa3 Nxf4 16. Qxa8 Nxg2 17. Kxg2 O-O 18. Ra1 b4 19. Qa5 Qb7 20. Ra4 Qe4 21. Qc5 h5 22. Qxh5 Qxc2 23. Rxb4 Nc6 24. Rb5 Qd3 25. Qc5 Ne7 26. Ra5 Nd5 27. Ra1 Rb8 28. Qa3 Qe4 29. Re1 Qg4 30. Ne5 Qxd4 31. Nc6 Qxb2 32. Qxb2 Rxb2 33. Rc1 g5 34. Ne5 Kg7 35. h3 Kf6 36. Ng4+ Kf5 37. Kf3 e5 38. Ne3+ Nxe3 39. Kxe3 Rb3+ 40. Ke2 Rb7 41. Rc6 Ke4 42. h4 gxh4 43. gxh4 Kf4 44. h5 f5 45. h6 Rb1 46. Rxc7 e4 47. h7 Rh1 48. Rg7 Rh2 49. Kf1 Kf3 50. Kg1 Rh4 51. Rf7 f4 52. Rg7 Rh5 53. Rf7 Rh4 54. Rg7 Ke2 55. Rf7 e3 56. fxe3 f3 57. e4 Rxh7 58. Rxh7 f2+ 59. Kh2 f1=Q 60. Rg7 Qf4+ 61. Kh3 Qh6+ 0-1


[Site "https://www.chess.com"]

[Event "Titled Tuesday Blitz July 18 Early 2023"]
[White "Van Foreest, Jorden"]
[Black "Leiva, Gianmarco"]
[WhiteFideId "1039784"]
[BlackFideId "3804399"]
[WhiteElo "2960"]
[BlackElo "2726"]
[Result "0-1"]
[Round "6"]
[TimeControl "180+2"]
[Date "2023.07.18"]
[WhiteClock "0:00:03"]
[BlackClock "0:00:07"]
[Board "13"]

1. e4 c5 2. Nf3 d6 3. Nc3 Nf6 4. d4 cxd4 5. Qxd4 e5 6. Bb5+ Nbd7 7. Qd3 h6 8. Be3 a6 9. Bxd7+ Bxd7 10. a4 Be7 11. a5 O-O 12. O-O Be6 13. Nd2 Qc7 14. Rfd1 Rfc8 15. Nf1 Qc4 16. f3 Qxd3 17. Rxd3 d5 18. exd5 Bf5 19. Rd2 Bb4 20. Ng3 Bd7 21. Nge2 Bb5 22. Kf2 Bxe2 23. Kxe2 Rxc3 24. bxc3 Bxc3 25. Rad1 Bxd2 26. Rxd2 Rc8 27. Bb6 Kf8 28. Ke3 Rc3+ 29. Ke2 Ke7 30. Bc7 Nxd5 31. Rxd5 Rxc7 32. Kd3 Ke6 33. c4 Rd7 34. Rxd7 Kxd7 35. c5 f5 36. Kc4 Kc6 37. g4 g6 38. h4 h5 39. g5 f4 40. Kb4 Kd5 0-1


[Site "https://www.chess.com"]

[Event "Titled Tuesday Blitz July 18 Early 2023"]
[White "Aravindh, Chithambaram VR."]
[Black "Atakhan, Abtin"]
[WhiteFideId "5072786"]
[BlackFideId "22502203"]
[WhiteElo "2954"]
[BlackElo "2735"]
[Result "0-1"]
[Round "6"]
[TimeControl "180+2"]
[Date "2023.07.18"]
[WhiteClock "0:00:00"]
[BlackClock "0:00:04"]
[Board "14"]

1. b3 Nf6 2. Bb2 g6 3. Bxf6 exf6 4. c4 d5 5. cxd5 Qxd5 6. Nc3 Qd8 7. g3 Ba3 8. Bg2 O-O 9. Nf3 c6 10. O-O Bf5 11. e4 Bg4 12. Qc2 Nd7 13. d4 f5 14. e5 Nb6 15. Rad1 Qe7 16. h3 Bxf3 17. Bxf3 Rad8 18. Rfe1 Bb4 19. Kg2 Qe6 20. h4 h5 21. Re3 Bxc3 22. Rxc3 Rd7 23. Qc1 Rfd8 24. Rcd3 Kg7 25. a4 Nd5 26. a5 Nb4 27. R3d2 Na6 28. Qc4 Nc7 29. Qc3 Nb5 30. Qe3 Nc7 31. b4 Qe7 32. a6 Nxa6 33. b5 Nb4 34. bxc6 bxc6 35. Qc3 a5 36. Bxc6 Nxc6 37. Qxc6 Rd5 38. Rb1 Rxd4 39. Rxd4 Rxd4 40. Rb7 Qxe5 41. Rb5 Qe1 42. Qc5 Rd1 43. Qe5+ Qxe5 44. Rxe5 a4 45. Ra5 Ra1 46. Ra6 a3 47. Kf3 Kf8 48. Ra7 Ke8 49. Kf4 Ra2 50. f3 Kf8 51. Ke3 Rg2 52. Kf4 a2 53. Kg5 Rxg3+ 54. Kf6 Ke8 55. f4 Rg2 56. Ra8+ Kd7 57. Kxf7 Kd6 58. Kf6 Kd5 59. Ra4 Kc5 60. Kg7 Kb5 61. Ra8 Kb4 62. Kf6 Kb3 63. Kg7 Kb2 64. Rb8+ Kc1 65. Ra8 Kb1 66. Rb8+ Rb2 67. Ra8 Rb6 68. Kh6 a1=Q 69. Rc8 Qb2 70. Rd8 Qc3 71. Rd1+ Kc2 72. Rf1 Qd2 73. Rf3 Rb4 74. Kg5 Re4 75. Kh6 Rxf4 76. Ra3 Rxh4+ 77. Kh7 Rg4 78. Ra2+ Kd3 79. Ra3+ Ke2 80. Ra7 h4 81. Re7+ Qe3 82. Rb7 h3 83. Rb2+ Kf3 84. Kg7 Qd4+ 0-1


[Site "https://www.chess.com"]

[Event "Titled Tuesday Blitz July 18 Early 2023"]
[White "Tasdogen, Dincer"]
[Black "Amilal Munkhdalai"]
[WhiteFideId "6367097"]
[BlackFideId "4903250"]
[WhiteElo "2939"]
[BlackElo "2721"]
[Result "1-0"]
[Round "6"]
[TimeControl "180+2"]
[Date "2023.07.18"]
[WhiteClock "0:01:54"]
[BlackClock "0:00:00"]
[Board "15"]

1. b3 Nf6 2. Bb2 e6 3. e3 b6 4. Nf3 Bb7 5. d4 Be7 6. Nbd2 O-O 7. Bd3 d5 8. O-O Ne4 9. c4 Nd7 10. Qc2 f5 11. Rac1 Rc8 12. cxd5 exd5 13. Ne1 Bb4 14. Ndf3 Bd6 15. Ne5 c5 16. Qe2 Re8 17. N1f3 g5 18. Nxd7 Qxd7 19. Ne5 Qe6 20. Qh5 Bxe5 21. dxe5 Qg6 22. Qxg6+ hxg6 23. f3 c4 24. Be2 c3 25. Ba1 Nd2 26. Rfd1 Rxe5 27. Rxd2 Rxe3 28. Kf2 f4 29. Rd3 Rxd3 30. Bxd3 d4 31. Rd1 Kg7 32. Bc2 Rd8 33. Rxd4 Rxd4 34. Bxc3 1-0


[Site "https://www.chess.com"]

[Event "Titled Tuesday Blitz July 18 Early 2023"]
[White "Ibarra Jerez, Jose Carlos"]
[Black "Matinian, Nikita"]
[WhiteFideId "2226332"]
[BlackFideId "24129100"]
[WhiteElo "2938"]
[BlackElo "2715"]
[Result "1/2-1/2"]
[Round "6"]
[TimeControl "180+2"]
[Date "2023.07.18"]
[WhiteClock "0:00:02"]
[BlackClock "0:00:05"]
[Board "16"]

1. e4 c5 2. Nf3 e6 3. d3 Nc6 4. g3 Nf6 5. Bg2 d5 6. Qe2 Be7 7. O-O b5 8. exd5 exd5 9. d4 cxd4 10. Qxb5 Qb6 11. Qxb6 axb6 12. Nbd2 Bf5 13. Nb3 Bxc2 14. Nbxd4 Nxd4 15. Nxd4 Be4 16. f3 Bc5 17. Be3 Bg6 18. a3 Nd7 19. b4 Be7 20. Nc6 Bf6 21. Bd4 Bxd4+ 22. Nxd4 O-O 23. Nc6 Rfe8 24. Rfe1 Rxe1+ 25. Rxe1 Kf8 26. Re7 Bf5 27. Re3 f6 28. Nd4 Bg6 29. f4 Be4 30. Ne6+ Kf7 31. Nc7 Rc8 32. Bxe4 dxe4 33. Nb5 Rc1+ 34. Kf2 f5 35. Rc3 Rh1 36. Rc7 Ke7 37. h4 Rh2+ 38. Kf1 g6 39. Rc6 Nf6 40. Nc3 Ng4 41. Nd5+ Kd7 42. Rxb6 e3 43. Nf6+ Kc7 44. Re6 Rh1+ 45. Ke2 Rh2+ 46. Kd3 Rd2+ 47. Kc3 Nxf6 48. Rxf6 Rg2 49. Rf7+ Kb6 50. Rxh7 Rxg3 51. Rh6 Kb5 52. h5 gxh5 53. Rxh5 e2+ 54. Kd2 Rxa3 55. Rxf5+ Kxb4 56. Kxe2 Kc4 57. Re5 Kd4 58. Kf2 Rb3 59. Re8 Ra3 60. Re1 Rb3 61. Kg2 Ra3 62. Re8 Rb3 63. Re5 Ra3 64. Re1 Rb3 65. Re2 Ra3 66. Kf2 Rb3 67. Re8 Ra3 68. Ke2 Rb3 69. Re7 Ra3 70. Re6 Rb3 71. f5 Ra3 72. f6 Ra8 73. Kf3 Kd5 74. Rb6 Ke5 75. Kg4 Rg8+ 76. Kh5 Kf5 77. Kh6 Rg6+ 78. Kh5 Rxf6 79. Rxf6+ Kxf6 1/2-1/2


[Site "https://www.chess.com"]

[Event "Titled Tuesday Blitz July 18 Early 2023"]
[White "Basso, Pier Luigi"]
[Black "Anton Guijarro, David"]
[WhiteFideId "866970"]
[BlackFideId "2285525"]
[WhiteElo "2708"]
[BlackElo "2930"]
[Result "1-0"]
[Round "6"]
[TimeControl "180+2"]
[Date "2023.07.18"]
[WhiteClock "0:00:34"]
[BlackClock "0:00:05"]
[Board "17"]

1. e4 c6 2. c4 e5 3. Nc3 Bb4 4. Nf3 d6 5. Bd3 Nf6 6. a3 Ba5 7. b4 Bb6 8. h3 a5 9. Bb2 axb4 10. axb4 Rxa1 11. Qxa1 Na6 12. Qa3 O-O 13. O-O Nh5 14. Ne2 Qf6 15. c5 Nxc5 16. bxc5 Bxc5 17. Qb3 Bxh3 18. Bb1 Qg6 19. Nh4 Qg4 20. Qf3 Qxh4 21. Qxh3 Qg5 22. Qf3 g6 23. Rd1 Bb6 24. Ba2 Ng7 25. d4 Ne6 26. Bxe6 fxe6 27. Qb3 Qf6 28. f3 Qd8 29. Qxe6+ Kg7 30. Kh2 Re8 31. Qg4 Qf6 32. dxe5 dxe5 33. Rd7+ Re7 34. Nf4 Rxd7 35. Nh5+ Kf7 36. Nxf6 Rd2 37. Bxe5 1-0


[Site "https://www.chess.com"]

[Event "Titled Tuesday Blitz July 18 Early 2023"]
[White "Liyanage, Ranindu Dilshan"]
[Black "Gholami Orimi, Mahdi"]
[WhiteFideId "9915834"]
[BlackFideId "12558486"]
[WhiteElo "2706"]
[BlackElo "2924"]
[Result "1-0"]
[Round "6"]
[TimeControl "180+2"]
[Date "2023.07.18"]
[WhiteClock "0:00:41"]
[BlackClock "0:00:19"]
[Board "18"]

1. e4 c5 2. Nc3 Nc6 3. Bb5 Nd4 4. Bc4 g6 5. Nge2 Bg7 6. Nxd4 cxd4 7. Qf3 e6 8. Nb5 d6 9. Qa3 Ke7 10. c3 dxc3 11. dxc3 a6 12. Bb3 Qb6 13. Bf4 Qxb5 14. Bxd6+ Kf6 15. f4 g5 16. e5+ Kg6 17. Bc2+ f5 18. exf6+ Kxf6 19. fxg5+ Kxg5 20. h4+ Kg4 21. c4 1-0


[Site "https://www.chess.com"]

[Event "Titled Tuesday Blitz July 18 Early 2023"]
[White "Demidov, Mikhail"]
[Black "Tica, Sven"]
[WhiteFideId "4197143"]
[BlackFideId "14526948"]
[WhiteElo "2917"]
[BlackElo "2690"]
[Result "1-0"]
[Round "6"]
[TimeControl "180+2"]
[Date "2023.07.18"]
[WhiteClock "0:01:12"]
[BlackClock "0:01:11"]
[Board "19"]

1. Nf3 g6 2. h4 h6 3. e4 Bg7 4. d4 d6 5. c3 a6 6. Nbd2 b6 7. Bd3 Bb7 8. Nf1 Nd7 9. Ng3 e6 10. Bf4 Ne7 11. Qd2 Nf6 12. O-O-O Qd7 13. Kb1 d5 14. Rhe1 dxe4 15. Nxe4 Nxe4 16. Bxe4 Bxe4+ 17. Rxe4 Nd5 18. Be5 O-O 19. Bxg7 Kxg7 20. Ne5 Qe7 21. g3 f5 22. Re2 Nf6 23. Rde1 Rfe8 24. Nd3 Qd6 25. Nf4 Ne4 26. Qc2 e5 27. dxe5 Qc6 28. g4 Rad8 29. gxf5 gxf5 30. f3 Nc5 31. Qxf5 1-0


[Site "https://www.chess.com"]

[Event "Titled Tuesday Blitz July 18 Early 2023"]
[White "Aaditya Dhingra"]
[Black "Antipov, Mikhail Al."]
[WhiteFideId "25678191"]
[BlackFideId "4107012"]
[WhiteElo "2688"]
[BlackElo "2905"]
[Result "0-1"]
[Round "6"]
[TimeControl "180+2"]
[Date "2023.07.18"]
[WhiteClock "0:00:10"]
[BlackClock "0:00:04"]
[Board "20"]

1. d4 Nf6 2. Nf3 d5 3. Bf4 Nh5 4. Bc1 e6 5. c4 Be7 6. Nc3 O-O 7. e4 dxe4 8. Nxe4 b6 9. Be2 Bb7 10. Ng3 Nf6 11. O-O c5 12. dxc5 bxc5 13. Qc2 Nc6 14. Rd1 Qb6 15. Be3 Ng4 16. Ng5 Bxg5 17. Bxg5 Nge5 18. Be3 Rad8 19. b3 f5 20. Rxd8 Nxd8 21. f4 Ng6 22. b4 Qc7 23. Bxc5 Re8 24. Nh5 Nxf4 25. Nxf4 Qxf4 26. Rf1 Qc7 27. Qc3 Nf7 28. Rd1 Ng5 29. Qe3 f4 30. Qd3 Qc6 31. Bf1 f3 32. h4 fxg2 33. Be2 Nf7 34. Qd7 Ne5 35. Qxc6 Bxc6 36. Kf2 Rc8 37. Bd4 Rf8+ 38. Kg1 Nf3+ 39. Bxf3 Bxf3 40. Re1 Rd8 41. Bxa7 Rd2 42. Bf2 Rxa2 43. b5 Rc2 44. c5 Kf7 45. c6 Bd5 46. Bg3 Rc3 47. c7 Bb7 48. Bd6 Rh3 49. b6 Rh1+ 50. Kf2 Rxe1 51. Kxe1 g1=Q+ 0-1


[Site "https://www.chess.com"]

[Event "Titled Tuesday Blitz July 18 Early 2023"]
[White "Vitiugov, Nikita"]
[Black "Koshulyan, Egor A."]
[WhiteFideId "4152956"]
[BlackFideId "24237000"]
[WhiteElo "2874"]
[BlackElo "2684"]
[Result "0-1"]
[Round "6"]
[TimeControl "180+2"]
[Date "2023.07.18"]
[WhiteClock "0:00:00"]
[BlackClock "0:00:27"]
[Board "21"]

1. c4 e6 2. Nc3 d5 3. d4 c6 4. e3 Nf6 5. Bd2 Nbd7 6. Rc1 Bd6 7. Nf3 O-O 8. Bd3 dxc4 9. Bxc4 b5 10. Bd3 Bb7 11. O-O Rc8 12. e4 e5 13. Ne2 exd4 14. Nexd4 Re8 15. Nf5 Bf8 16. Bg5 Nc5 17. Rxc5 Bxc5 18. e5 Qd5 19. exf6 Rcd8 20. Nxg7 Rf8 21. Ne1 Qxg5 22. Nh5 Bc8 23. h4 Qxh4 24. Bxh7+ Kxh7 25. Qc2+ Kg8 26. Qxc5 Rd5 27. Qe3 Rxh5 28. f4 Bg4 29. Nd3 Qxf6 30. Ne5 Be6 31. Rf3 Kh8 32. Rg3 Rg8 0-1


[Site "https://www.chess.com"]

[Event "Titled Tuesday Blitz July 18 Early 2023"]
[White "Shuvalova, Polina"]
[Black "Galchenko, Matvey"]
[WhiteFideId "24171760"]
[BlackFideId "24175480"]
[WhiteElo "2665"]
[BlackElo "2873"]
[Result "0-1"]
[Round "6"]
[TimeControl "180+2"]
[Date "2023.07.18"]
[WhiteClock "0:00:00"]
[BlackClock "0:00:05"]
[Board "22"]

1. e4 e6 2. d4 d5 3. exd5 exd5 4. Nf3 Nf6 5. Bd3 c5 6. O-O Nc6 7. Re1+ Be7 8. dxc5 O-O 9. Nbd2 Bxc5 10. Nb3 Bb6 11. Be3 Bc7 12. Qd2 Bg4 13. Nfd4 Qd6 14. g3 a6 15. Bf4 Qd8 16. Bxc7 Qxc7 17. c3 Ne5 18. Re3 Rad8 19. Rae1 Ne4 20. Qc1 Bh5 21. Nd2 Nxd3 22. Rxd3 Nc5 23. Rde3 Bg6 24. Qd1 Nd3 25. Re7 Qb6 26. R1e3 Nxb2 27. Qb3 Qxb3 28. axb3 b5 29. Rc7 Nd1 30. Re1 Nb2 31. Nc6 Rd6 32. Ne7+ Kh8 33. Nxg6+ hxg6 34. Nf3 Rf6 35. Nd4 b4 36. cxb4 Nd3 37. Re2 Nxb4 38. Rb7 a5 39. Ra7 Nd3 40. Rxa5 Rd8 41. h4 Kh7 42. Ra7 Kg8 43. Kg2 Nb4 44. Rb7 Nd3 45. Rd2 Nc5 46. Rb5 Ne4 47. Ra2 Nc3 48. Raa5 Nxb5 49. Rxb5 Ra6 50. Rb7 Ra2 51. Nc6 Rd6 52. Ne7+ Kh7 53. Nc8 Rf6 54. Nb6 Rfxf2+ 55. Kh3 f5 0-1


[Site "https://www.chess.com"]

[Event "Titled Tuesday Blitz July 18 Early 2023"]
[White "Bacrot, Etienne"]
[Black "Lamaze, Simon"]
[WhiteFideId "605506"]
[BlackFideId "36069264"]
[WhiteElo "2855"]
[BlackElo "2656"]
[Result "1-0"]
[Round "6"]
[TimeControl "180+2"]
[Date "2023.07.18"]
[WhiteClock "0:00:25"]
[BlackClock "0:00:00"]
[Board "23"]

1. e4 c5 2. Nf3 e6 3. b3 d6 4. Bb2 e5 5. Bc4 Nc6 6. O-O Be7 7. Nc3 Be6 8. Nd5 Nf6 9. Ng5 Qd7 10. Nxf6+ Bxf6 11. Nxe6 fxe6 12. Qg4 Ke7 13. f4 h5 14. Qg3 Nd4 15. Bxd4 cxd4 16. f5 exf5 17. Rxf5 Rh6 18. Raf1 Kd8 19. c3 dxc3 20. dxc3 Kc7 21. Bd5 Rf8 22. Qd3 a6 23. a4 Kb8 24. a5 Qc7 25. b4 Rc8 26. c4 Rg6 27. Rxh5 Bg5 28. g3 Bf6 29. Kg2 Qd7 30. Qf3 1-0


[Site "https://www.chess.com"]

[Event "Titled Tuesday Blitz July 18 Early 2023"]
[White "Ter-Sahakyan, Samvel"]
[Black "Ovchinnikov, Vsevolod"]
[WhiteFideId "13302531"]
[BlackFideId "24176842"]
[WhiteElo "2847"]
[BlackElo "2654"]
[Result "1-0"]
[Round "6"]
[TimeControl "180+2"]
[Date "2023.07.18"]
[WhiteClock "0:00:38"]
[BlackClock "0:00:02"]
[Board "24"]

1. d4 Nf6 2. c4 g6 3. Nc3 d5 4. Nf3 Bg7 5. Bg5 Ne4 6. Bf4 Nxc3 7. bxc3 dxc4 8. e3 Be6 9. h4 h6 10. Qb1 b6 11. h5 g5 12. Be5 Kf8 13. Bxg7+ Kxg7 14. Ne5 Nd7 15. Nxc4 c5 16. Be2 Rc8 17. Nd2 cxd4 18. cxd4 Nf6 19. O-O Qd6 20. Qb2 Rc7 21. e4 Qd8 22. d5 Bc8 23. Rac1 Bb7 24. Nf3 Rxc1 25. Rxc1 Qb8 26. Nd4 Rc8 27. Nf5+ Kh7 28. Rxc8 Bxc8 29. Nxe7 Nxe4 30. Qc2 f5 31. Qxc8 Qxc8 32. Nxc8 Kg7 33. d6 Nc5 34. Bb5 Kf6 35. d7 1-0


[Site "https://www.chess.com"]

[Event "Titled Tuesday Blitz July 18 Early 2023"]
[White "Harsh Suresh"]
[Black "Onufrienko, Vladislav"]
[WhiteFideId "45018464"]
[BlackFideId "13804332"]
[WhiteElo "2841"]
[BlackElo "2625"]
[Result "1-0"]
[Round "6"]
[TimeControl "180+2"]
[Date "2023.07.18"]
[WhiteClock "0:00:57"]
[BlackClock "0:00:00"]
[Board "25"]

1. e4 Nf6 2. e5 Nd5 3. c4 Nb6 4. d4 d6 5. f4 dxe5 6. fxe5 Nc6 7. Be3 Bf5 8. Nc3 e6 9. Nf3 f6 10. exf6 Qxf6 11. Be2 O-O-O 12. Bg5 Rxd4 13. Bxf6 Rxd1+ 14. Rxd1 gxf6 15. Nh4 Bg6 16. Nxg6 hxg6 17. O-O Bc5+ 18. Kh1 f5 19. b3 g5 20. g3 a6 21. Kg2 Nd4 22. Bd3 g4 23. Ne2 Nf3 24. h4 Rf8 25. Nf4 Nd4 26. Nxe6 Nxe6 27. Bxf5 Rxf5 28. Rxf5 Bd6 29. h5 Nd7 30. h6 Nef8 31. Rf7 Kd8 32. h7 Nxh7 33. Rxh7 Ne5 34. c5 1-0


[Site "https://www.chess.com"]

[Event "Titled Tuesday Blitz July 18 Early 2023"]
[White "Elsa167"]
[Black "Zaragatski, Ilja"]
[BlackFideId "4655192"]
[WhiteElo "2805"]
[BlackElo "2615"]
[Result "0-1"]
[Round "6"]
[TimeControl "180+2"]
[Date "2023.07.18"]
[WhiteClock "0:00:00"]
[BlackClock "0:00:15"]
[Board "26"]

1. d4 Nf6 2. c4 c5 3. d5 b5 4. cxb5 a6 5. bxa6 g6 6. Nc3 Bg7 7. e4 O-O 8. a7 Rxa7 9. Nf3 d6 10. Be2 Ba6 11. O-O Qb6 12. Re1 Nbd7 13. a4 Rb8 14. Bb5 Ne8 15. Bxd7 Rxd7 16. e5 Rdb7 17. Rb1 Qb3 18. Qxb3 Rxb3 19. Bf4 Rxb2 20. Rxb2 Rxb2 21. Ne4 dxe5 22. Bxe5 Rc2 23. h3 Bxe5 24. Nxe5 Nd6 25. Nc6 Nf5 26. Rb1 Bd3 27. Ng3 Nxg3 28. fxg3 Be4 29. Re1 f5 30. Nxe7+ Kf7 31. d6 Ke6 32. Rd1 Rxg2+ 33. Kf1 Kd7 34. Ng8 Rxg3 35. Nf6+ Kd8 36. Rd2 Rd3 37. Rxd3 Bxd3+ 38. Kf2 h6 39. Ke3 Ba6 40. Kf4 c4 41. Ke3 g5 42. Kd4 f4 43. Ng4 h5 44. Nf2 Kd7 45. Kd5 c3 46. Ke5 c2 0-1


[Site "https://www.chess.com"]

[Event "Titled Tuesday Blitz July 18 Early 2023"]
[White "Bachmann, Axel"]
[Black "Pham, Khoi"]
[WhiteFideId "3700488"]
[BlackFideId "1054988"]
[WhiteElo "2805"]
[BlackElo "2607"]
[Result "1-0"]
[Round "6"]
[TimeControl "180+2"]
[Date "2023.07.18"]
[WhiteClock "0:02:32"]
[BlackClock "0:02:30"]
[Board "27"]

1. c4 g6 2. d4 Bg7 3. Nc3 d6 4. Nf3 Nf6 5. Bg5 O-O 6. Qd2 c5 7. d5 Nbd7 8. e4 e6 9. dxe6 fxe6 10. Qxd6 Qe8 11. h3 b6 12. O-O-O Bb7 13. e5 1-0


[Site "https://www.chess.com"]

[Event "Titled Tuesday Blitz July 18 Early 2023"]
[White "Wagner, Dennis"]
[Black "Pinero Rodriguez, Carlos Jose"]
[WhiteFideId "24650684"]
[BlackFideId "3901726"]
[WhiteElo "2781"]
[BlackElo "2593"]
[Result "1-0"]
[Round "6"]
[TimeControl "180+2"]
[Date "2023.07.18"]
[WhiteClock "0:00:03"]
[BlackClock "0:00:00"]
[Board "28"]

1. d4 Nf6 2. Nf3 e6 3. c4 Bb4+ 4. Bd2 Qe7 5. g3 O-O 6. Bg2 Bxd2+ 7. Qxd2 d6 8. Nc3 c6 9. O-O e5 10. Rad1 Nbd7 11. e4 Re8 12. Rfe1 b6 13. b3 Nf8 14. h3 Ng6 15. Kh2 Bb7 16. Re3 Rad8 17. Rd3 Rb8 18. dxe5 dxe5 19. Rd6 Rbc8 20. c5 bxc5 21. Qe3 Rc7 22. Qxc5 Bc8 23. Nd2 h6 24. Nc4 Nd7 25. Qe3 Nf6 26. Na5 Bd7 27. Qc5 Rec8 28. Na4 Be8 29. Bf3 Nd7 30. Qe3 Nf6 31. h4 h5 32. b4 Bd7 33. Nc5 Bg4 34. Nc4 Bxf3 35. Qxf3 Ng4+ 36. Kg2 Nf8 37. Qf5 g6 38. Qg5 Qxg5 39. hxg5 Nh7 40. f3 Nxg5 41. fxg4 hxg4 42. Ne3 Rb8 43. a3 Re8 44. Nxg4 Kg7 45. Nf6 Ree7 46. Rh1 a5 47. bxa5 Ra7 48. a6 Ra8 49. Nfd7 f5 50. Nb6 Rf8 51. exf5 Rxf5 52. Nc8 Ref7 53. Nd3 Rf3 54. a7 Ne4 55. Rh3 Re3 56. Rxg6+ Kxg6 57. Rh6+ Kxh6 58. a8=Q Re2+ 59. Kh3 Ng5+ 60. Kg4 Re4+ 61. Nf4 exf4 62. Qxc6+ 1-0


[Site "https://www.chess.com"]